Manitoba Moose vs Rimouski Oceanic

Created - 8 avril 2020 at 17:06

Goals
1 2 3 T
Manitoba Moose 2 2 1 5
Rimouski Oceanic 2 1 0 3
Shots
1 2 3 T
Manitoba Moose 11 11 15 37
Rimouski Oceanic 13 6 9 28

1st period

1. Manitoba Moose , Luke Gazdic 19 (Brian Lashoff 15) at 9:55
2. Rimouski Oceanic , Felix Girard 11 (Nick Paul 41) at 11:47 (PP)
3. Rimouski Oceanic , Ryan Dmowski 23 (Nick Paul 42, Felix Girard 25) at 14:24 (PP)
4. Manitoba Moose , Gerald Mayhew 38 (Denis Gurianov 72, Matt Lorito 32) at 17:35

Penalties :
Connor Clifton (OCE) for Fighting (Major) at 0:12, Matt Hendricks (MOO) for Fighting (Major) at 0:12, David Warsofsky (MOO) for Interference (Minor) at 11:45, Luke Gazdic (MOO) for Roughing (Minor) at 12:44, Andrew Poturalski (OCE) for Fighting (Major) at 14:33, Matt Hendricks (MOO) for Fighting (Major) at 14:33

2nd period

5. Manitoba Moose , Matt Hendricks 40 (Denis Gurianov 73, Gerald Mayhew 71) at 2:12
6. Rimouski Oceanic , Ryan Dmowski 24 (Nick Paul 43, Dan Renouf 12) at 3:51
7. Manitoba Moose , Chris Thorburn 23 (David Warsofsky 16) at 4:25

Penalties :
Riley Barber (OCE) for Fighting (Major) at 3:58, Matt Hendricks (MOO) for Fighting (Major / Game Misconduct) at 3:58

3rd period

8. Manitoba Moose , Denis Gurianov 68 (Shane Gersich 18) at 11:15 (PP)

Penalties :
Connor Carrick (OCE) for Holding (Minor) at 2:48, Dan Renouf (OCE) for High sticking (Minor) at 10:08, Andrew Poturalski (OCE) for Fighting (Major) at 11:20, Denis Gurianov (MOO) for Fighting (Major) at 11:20

Goalie Stats

Atte Tolvanen (MOO), 25 saves from 28 shots - (0,893), W, 32-16-5, 60:00 minutes
Chris Nell (OCE), 32 saves from 37 shots - (0,865), L, 20-19-4, 60:00 minutes

Players Stats for Manitoba Moose

Player Name              G  A  P  +/- PIM S  H  SB GA TA FO     MP     PP MP  PK MP  
------------------------------------------------------------------------------------
Andreas Borgman          0  0  0   1  0   0  1  0  0  1  0/0    13:31   1:49   0:00 
Brian Lashoff            0  1  1   1  0   0  1  0  0  0  0/0    11:43   0:00   0:32 
Chris Thorburn           1  0  1   2  0   1  4  0  2  0  1/2    18:03   0:18   0:48 
David Warsofsky          0  1  1   2  2   0  1  0  0  0  0/0    13:05   1:17   0:00 
Denis Gurianov           1  2  3   2  5   8  1  0  2  0  0/0    18:29   1:23   0:04 
Gerald Mayhew            1  1  2   2  0   4  1  0  0  1  10/27  19:59   1:23   0:00 
Guillaume Brisebois      0  0  0   1  0   1  0  0  0  1  0/0    13:22   1:49   0:00 
Jan Kovar                0  0  0   0  0   1  0  0  1  0  6/9    15:32   1:25   0:00 
Luke Gazdic              1  0  1   2  2   2  1  0  0  0  0/0    10:45   0:00   0:02 
Matt Bartkowski          0  0  0   1  0   0  1  0  0  0  0/0    11:43   0:00   0:32 
Matt Beleskey            0  0  0  -1  0   1  2  0  0  1  1/2    12:47   0:37   0:54 
Matt Grzelcyk            0  0  0  -1  0   3  0  3  0  0  0/0    21:49   0:00   1:10 
Matt Hendricks           1  0  1   1  25  2  0  0  0  1  0/0     3:56   0:00   0:00 
Matt Lorito              0  1  1   0  0   6  0  0  0  0  1/1    15:45   1:25   0:00 
Pierre Engvall           0  0  0   0  0   1  4  0  0  0  0/0    15:55   1:25   0:00 
Sean Malone              0  0  0   2  0   0  0  0  0  0  2/6    11:45   0:00   0:00 
Shane Gersich            0  1  1   0  0   2  1  0  0  0  6/8    20:18   1:22   0:42 
Tom Pyatt                0  0  0  -1  0   4  2  1  0  0  3/5    13:59   0:00   0:54 
Urho Vaakanainen         0  0  0   2  0   0  0  0  0  1  0/0    13:06   1:17   0:00 
Victor Mete              0  0  0  -1  0   1  2  5  1  0  0/0    22:40   0:00   1:10 

Players Stats for Rimouski Oceanic

Player Name              G  A  P  +/- PIM S  H  SB GA TA FO     MP     PP MP  PK MP  
------------------------------------------------------------------------------------
Andreas Englund          0  0  0   0  0   1  1  0  0  0  0/0    18:43   0:37   1:02 
Andrew Poturalski        0  0  0  -3  10  6  1  0  1  0  10/17  22:08   0:56   1:55 
Connor Carrick           0  0  0  -2  2   2  5  1  0  0  0/0    21:17   1:05   0:46 
Connor Clifton           0  0  0  -2  5   1  1  2  0  2  0/0    21:16   1:05   2:04 
Dan Renouf               0  1  1   0  2   2  2  0  0  0  0/0    14:08   0:00   0:15 
Deven Sideroff           0  0  0  -2  0   2  0  1  1  1  2/2    21:14   0:56   0:00 
Felix Girard             1  1  2  -1  0   2  1  0  0  2  4/8    22:56   0:46   0:15 
Jake Chelios             0  0  0   0  0   0  0  0  0  0  0/0     1:14   0:00   1:03 
Kyle Burroughs           0  0  0  -1  0   0  1  0  0  0  0/0     7:40   0:00   0:00 
Kyle Capobianco          0  0  0  -1  0   0  0  2  0  0  0/0     7:40   0:00   0:00 
Mark Alt                 0  0  0   0  0   0  0  0  0  0  0/0    10:45   0:00   0:00 
Nick Paul                0  3  3   0  0   3  0  0  1  1  8/15   22:40   0:46   0:46 
Reid Duke                0  0  0   0  0   0  0  0  0  0  1/1     9:29   0:00   0:00 
Riley Barber             0  0  0  -2  5   2  2  3  3  0  0/4    24:03   0:56   1:52 
Ryan Dmowski             2  0  2   0  0   6  2  1  0  0  0/3    22:06   0:46   0:28 
Ryan MacInnis            0  0  0   0  0   0  0  1  0  0  2/6    14:55   0:00   0:56 
Steven Fogarty           0  0  0  -1  0   0  1  0  0  0  3/4    12:21   0:00   0:00 
Taylor Fedun             0  0  0   0  0   1  1  0  0  0  0/0    18:43   0:37   1:02 
William Borgen           0  0  0   0  0   0  1  1  0  0  0/0     3:30   0:00   0:00 

3 Stars

1 - Gerald Mayhew (MOO)
2 - Chris Thorburn (MOO)
3 - Ryan Dmowski (OCE)

Power Play

Manitoba Moose - 1 on 2 Attempt(s) - 50,00%
Rimouski Oceanic - 2 on 2 Attempt(s) - 100,00%

Penalty Kill

Manitoba Moose - 0 on 2 Attempt(s) - 0,00% - Score 0 goal in Penalty Kill
Rimouski Oceanic - 1 on 2 Attempt(s) - 50,00% - Score 0 goal in Penalty Kill

Team Stat

Manitoba Moose - Hits : 22 - Faceoff Wins : 30 - Blocked Shots : 9 - Penalty Minutes : 34
Rimouski Oceanic - Hits : 19 - Faceoff Wins : 30 - Blocked Shots : 12 - Penalty Minutes : 24

Official

Referees : Kelly Sutherland and Kevin Pollock
Linesman : Mark Wheler and Scott Cherrey

Game Notes

Connor Clifton beats up Matt Hendricks at 0:12 of 1st period
Andrew Poturalski and Matt Hendricks fight to a draw at 14:33 of 1st period
Riley Barber and Matt Hendricks fight to a draw at 3:58 of 2nd period
Matt Hendricks ejected from game at 3:58 of 2nd period
Andrew Poturalski beats up Denis Gurianov at 11:20 of 3rd period

Finance

Level 1 -- Attendance: 1466 (73,30%) -- Ticket Income 51 310 $
Level 2 -- Attendance: 769 (76,90%) -- Ticket Income 11 535 $
Total Attendance: 2235 (74,50%)
Total Ticket Income: 62 845 $
Other Income: 30 794 $
Total Income: 93 639 $

Manitoba Moose

5 vs 5 Forward 
   Center                   Left Wing                Right Wing               Time % Phy DF OF 
 1 Gerald Mayhew            Denis Gurianov           Matt Hendricks           34     1   2  2  
 2 Jan Kovar                Matt Lorito              Pierre Engvall           22     1   2  2  
 3 Shane Gersich            Matt Beleskey            Tom Pyatt                22     1   2  2  
 4 Sean Malone              Luke Gazdic              Chris Thorburn           22     1   2  2  

5 vs 5 Defense 
   Defense                  Defense                                           Time % Phy DF OF 
 1 Matt Grzelcyk            Victor Mete                                       40     0   0  5  
 2 Guillaume Brisebois      Andreas Borgman                                   20     1   2  2  
 3 Urho Vaakanainen         David Warsofsky                                   20     1   2  2  
 4 Brian Lashoff            Matt Bartkowski                                   20     1   2  2  

PowerPlay Forward 
   Center                   Left Wing                Right Wing               Time % Phy DF OF 
 1 Gerald Mayhew            Denis Gurianov           Matt Hendricks           50     1   2  2  
 2 Jan Kovar                Matt Lorito              Pierre Engvall           50     1   2  2  

PowerPlay Defense
   Defense                  Defense                                           Time % Phy DF OF 
 1 Urho Vaakanainen         David Warsofsky                                   50     1   2  2  
 2 Guillaume Brisebois      Andreas Borgman                                   50     1   2  2  

Penalty Kill 4 Players Forward 
   Center                   Wing                     Time % Phy DF OF 
 1 Chris Thorburn           Luke Gazdic              50     1   2  2  
 2 Tom Pyatt                Matt Beleskey            50     1   2  2  

Penalty Kill 4 Players Defense
   Defense                  Defense                  Time % Phy DF OF 
 1 Matt Grzelcyk            Victor Mete              70     1   2  2  
 2 Brian Lashoff            Matt Bartkowski          30     1   2  2  

Penalty Kill - 3 Players Forward 
   Forward                                           Time % Phy DF OF 
 1 Shane Gersich                                     50     1   2  2  
 2 Sean Malone                                       50     1   2  2  

Penalty Kill - 3 Players Defense
   Defense                  Defense                  Time % Phy DF OF 
 1 Matt Grzelcyk            Victor Mete              70     1   2  2  
 2 Brian Lashoff            Matt Bartkowski          30     1   2  2  

4 vs 4 Forward 
   Center                   Wing                     Time % Phy DF OF 
 1 Gerald Mayhew            Tom Pyatt                50     1   2  2  
 2 Sean Malone              Chris Thorburn           50     1   2  2  

4 vs 4 Defense
   Defense                  Defense                  Time % Phy DF OF 
 1 Andreas Borgman          Matt Grzelcyk            50     1   2  2  
 2 Guillaume Brisebois      Victor Mete              50     1   2  2  

Last Minutes Offensive
   Center                   Left Wing                Right Wing               Defense                  Defense                  
   Gerald Mayhew            Shane Gersich            Denis Gurianov           Victor Mete              Matt Grzelcyk            

Last Minutes Defensive
   Center                   Left Wing                Right Wing               Defense                  Defense                  
   Chris Thorburn           Tom Pyatt                Denis Gurianov           Victor Mete              Matt Grzelcyk            

Goaltenders
Starting : Atte Tolvanen            
Backup : Evan Cormier             

Extra Forwards
Normal : Shane Gersich, Denis Gurianov, Gerald Mayhew - PP : Shane Gersich, Matt Beleskey - PK : Shane Gersich
Extra Defensemen
Normal : Andreas Borgman, Brian Lashoff, Matt Bartkowski - PP : Matt Grzelcyk - PK : David Warsofsky, Urho Vaakanainen
Penalty Shots
Denis Gurianov, Shane Gersich, Gerald Mayhew, Matt Beleskey, Pierre Engvall

Scratches
Jake Walman (Healthy), Thomas Schemitsch (Healthy), Zach Magwood (Healthy), Colin Greening (Healthy), Chase Pearson (Healthy)
Christopher Gibson (Healthy)

Rimouski Oceanic

5 vs 5 Forward 
   Center                   Left Wing                Right Wing               Time % Phy DF OF 
 1 Andrew Poturalski        Riley Barber             Deven Sideroff           40     1   2  2  
 2 Nick Paul                Ryan Dmowski             Felix Girard             30     1   2  2  
 3 Felix Girard             Andrew Poturalski        Riley Barber             20     1   2  2  
 4 Ryan MacInnis            Nick Paul                Ryan Dmowski             10     1   2  2  

5 vs 5 Defense 
   Defense                  Defense                                           Time % Phy DF OF 
 1 Connor Clifton           Connor Carrick                                    40     1   2  2  
 2 Taylor Fedun             Andreas Englund                                   30     1   2  2  
 3 Dan Renouf               Mark Alt                                          20     1   2  2  
 4 Kyle Capobianco          Kyle Burroughs                                    10     1   2  2  

PowerPlay Forward 
   Center                   Left Wing                Right Wing               Time % Phy DF OF 
 1 Andrew Poturalski        Riley Barber             Deven Sideroff           60     1   2  2  
 2 Nick Paul                Ryan Dmowski             Felix Girard             40     1   2  2  

PowerPlay Defense
   Defense                  Defense                                           Time % Phy DF OF 
 1 Connor Clifton           Connor Carrick                                    60     1   2  2  
 2 Taylor Fedun             Andreas Englund                                   40     1   2  2  

Penalty Kill 4 Players Forward 
   Center                   Wing                     Time % Phy DF OF 
 1 Andrew Poturalski        Riley Barber             60     1   2  2  
 2 Nick Paul                Felix Girard             40     1   2  2  

Penalty Kill 4 Players Defense
   Defense                  Defense                  Time % Phy DF OF 
 1 Connor Clifton           Connor Carrick           60     1   2  2  
 2 Taylor Fedun             Andreas Englund          40     1   2  2  

Penalty Kill - 3 Players Forward 
   Forward                                           Time % Phy DF OF 
 1 Andrew Poturalski                                 60     1   2  2  
 2 Riley Barber                                      40     1   2  2  

Penalty Kill - 3 Players Defense
   Defense                  Defense                  Time % Phy DF OF 
 1 Connor Clifton           Connor Carrick           60     1   2  2  
 2 Taylor Fedun             Andreas Englund          40     1   2  2  

4 vs 4 Forward 
   Center                   Wing                     Time % Phy DF OF 
 1 Andrew Poturalski        Riley Barber             60     1   2  2  
 2 Nick Paul                Felix Girard             40     1   2  2  

4 vs 4 Defense
   Defense                  Defense                  Time % Phy DF OF 
 1 Connor Clifton           Connor Carrick           60     1   2  2  
 2 Taylor Fedun             Andreas Englund          40     1   2  2  

Last Minutes Offensive
   Center                   Left Wing                Right Wing               Defense                  Defense                  
   Andrew Poturalski        Riley Barber             Deven Sideroff           Connor Clifton           Connor Carrick           

Last Minutes Defensive
   Center                   Left Wing                Right Wing               Defense                  Defense                  
   Andrew Poturalski        Riley Barber             Deven Sideroff           Connor Clifton           Connor Carrick           

Goaltenders
Starting : Chris Nell               
Backup : Filip Gustavsson         

Extra Forwards
Normal : Steven Fogarty, Reid Duke, Ryan MacInnis - PP : Steven Fogarty, Reid Duke - PK : Ryan MacInnis
Extra Defensemen
Normal : William Borgen, Jake Chelios, Dan Renouf - PP : William Borgen - PK : Jake Chelios, Dan Renouf
Penalty Shots
Andrew Poturalski, Riley Barber, Nick Paul, Felix Girard, Ryan MacInnis

Scratches
Nicholas Baptiste (Healthy), Ben Sexton (Healthy), Marco Roy (Healthy), Jeremy Gregoire (Healthy), Mark McNeill (Healthy)
Grayson Downing (Healthy), Tim Clifton (Healthy), Tyler Sikura (Healthy), Jordan Nolan (Healthy), Tyler Parsons (Healthy)

% Time on Ice - Manitoba Moose

Lines # - Real PCT - Wanted PCT - Time Play
Normal Forward
1 - 35% - 34% - 19:31
2 - 28% - 22% - 15:21
3 - 17% - 22% - 9:36
4 - 19% - 22% - 10:44
Normal Defense
1 - 37% - 40% - 20:39
2 - 21% - 20% - 11:33
3 - 21% - 20% - 11:49
4 - 20% - 20% - 11:11
PP Forward
1 - 54% - 50% - 1:41
2 - 46% - 50% - 1:25
PP Defense
1 - 41% - 50% - 1:17
2 - 59% - 50% - 1:49
PK Forward
1 - 47% - 50% - 0:48
2 - 53% - 50% - 0:54
PK Defense
1 - 69% - 70% - 1:10
2 - 31% - 30% - 0:32
PK3 Forward
1 - 0% - 50%
2 - 0% - 50%
PK3 Defense
1 - 0% - 70%
2 - 0% - 30%
44 Forward
1 - 0% - 50%
2 - 0% - 50%
44 Defense
1 - 0% - 50%
2 - 0% - 50%
Last Minute Offensive  - 0:00
Last Minute Defensive  - 0:00
Total
Forward - 60:00
Defense - 60:00

% Time on Ice - Rimouski Oceanic

Lines # - Real PCT - Wanted PCT - Time Play
Normal Forward
1 - 36% - 40% - 19:39
2 - 33% - 30% - 18:02
3 - 17% - 20% - 9:18
4 - 15% - 10% - 8:13
Normal Defense
1 - 36% - 40% - 19:43
2 - 31% - 30% - 17:04
3 - 19% - 20% - 10:45
4 - 14% - 10% - 7:40
PP Forward
1 - 55% - 60% - 0:56
2 - 45% - 40% - 0:46
PP Defense
1 - 64% - 60% - 1:05
2 - 36% - 40% - 0:37
PK Forward
1 - 92% - 60% - 2:51
2 - 8% - 40% - 0:15
PK Defense
1 - 67% - 60% - 2:04
2 - 33% - 40% - 1:02
PK3 Forward
1 - 0% - 60%
2 - 0% - 40%
PK3 Defense
1 - 0% - 60%
2 - 0% - 40%
44 Forward
1 - 0% - 60%
2 - 0% - 40%
44 Defense
1 - 0% - 60%
2 - 0% - 40%
Last Minute Offensive  - 0:00
Last Minute Defensive  - 0:00
Total
Forward - 60:00
Defense - 60:00

Play-by-Play

1st period


0:01 of 1st period - Gerald Mayhew wins face-off versus Andrew Poturalski in neutral zone.
0:07 of 1st period - Gerald Mayhew is hit by Connor Carrick.
0:12 of 1st period - Connor Clifton beats up Matt Hendricks.
0:12 of 1st period - Penalty to Connor Clifton for Fighting.
0:12 of 1st period - Penalty to Matt Hendricks for Fighting.
0:13 of 1st period - Jan Kovar wins face-off versus Nick Paul in Manitoba Moose zone.
0:28 of 1st period - Wrist shot by Jan Kovar.
0:28 of 1st period - Stopped by Chris Nell without a rebound.
0:29 of 1st period - Shane Gersich wins face-off versus Felix Girard in Rimouski Oceanic zone.
1:05 of 1st period - Snap shot by Sean Malone.
1:05 of 1st period - Shot Misses the Net.
1:07 of 1st period - Snap shot by Chris Thorburn.
1:07 of 1st period - Shot Blocked by William Borgen.
1:57 of 1st period - Icing by Victor Mete.
1:58 of 1st period - Matt Lorito wins face-off versus Ryan MacInnis in Manitoba Moose zone.
1:58 of 1st period - Matt Lorito is hit by Kyle Burroughs.
2:25 of 1st period - Icing by Kyle Burroughs.
2:26 of 1st period - Jan Kovar wins face-off versus Riley Barber in Rimouski Oceanic zone.
2:33 of 1st period - Wrist shot by Matt Lorito.
2:33 of 1st period - Shot Misses the Net.
3:01 of 1st period - Slapshot by Andrew Poturalski.
3:01 of 1st period - Stopped by Atte Tolvanen with a rebound.
3:03 of 1st period - Snap shot by Riley Barber.
3:03 of 1st period - Stopped by Atte Tolvanen without a rebound.
3:04 of 1st period - Nick Paul wins face-off versus Gerald Mayhew in Manitoba Moose zone.
3:09 of 1st period - Snap shot by Ryan Dmowski.
3:09 of 1st period - Stopped by Atte Tolvanen without a rebound.
3:10 of 1st period - Gerald Mayhew wins face-off versus Ryan Dmowski in Manitoba Moose zone.
3:10 of 1st period - Gerald Mayhew is hit by William Borgen.
3:56 of 1st period - Victor Mete is hit by Andreas Englund and loses puck.
4:05 of 1st period - Ryan Dmowski is hit by Luke Gazdic and loses puck.
5:00 of 1st period - Snap shot by Denis Gurianov.
5:00 of 1st period - Stopped by Chris Nell without a rebound.
5:01 of 1st period - Deven Sideroff wins face-off versus Gerald Mayhew in Rimouski Oceanic zone.
5:01 of 1st period - Deven Sideroff is hit by Chris Thorburn.
5:11 of 1st period - Snap shot by Gerald Mayhew.
5:11 of 1st period - Shot Misses the Net.
6:21 of 1st period - Wrist shot by Felix Girard.
6:21 of 1st period - Shot Misses the Net.
7:22 of 1st period - Wrist shot by Gerald Mayhew.
7:22 of 1st period - Shot Misses the Net.
8:06 of 1st period - Ryan MacInnis is hit by Chris Thorburn and loses puck.
9:11 of 1st period - Andrew Poturalski is hit by Denis Gurianov and loses puck.
9:23 of 1st period - Icing by Denis Gurianov.
9:24 of 1st period - Shane Gersich wins face-off versus Nick Paul in Manitoba Moose zone.
9:55 of 1st period - Wrist shot by Luke Gazdic.
9:55 of 1st period - Goal by Luke Gazdic - Manitoba Moose : 1 - Rimouski Oceanic : 0.
9:56 of 1st period - Gerald Mayhew wins face-off versus Andrew Poturalski in neutral zone.
10:07 of 1st period - Snap shot by Matt Hendricks.
10:07 of 1st period - Stopped by Chris Nell without a rebound.
10:08 of 1st period - Felix Girard wins face-off versus Sean Malone in Rimouski Oceanic zone.
10:17 of 1st period - Wrist shot by Andrew Poturalski.
10:17 of 1st period - Shot Blocked by Matt Grzelcyk.
10:25 of 1st period - Snap shot by Andrew Poturalski.
10:25 of 1st period - Stopped by Atte Tolvanen without a rebound.
10:26 of 1st period - Gerald Mayhew wins face-off versus Ryan Dmowski in Manitoba Moose zone.
10:41 of 1st period - Snap shot by Denis Gurianov.
10:41 of 1st period - Shot Blocked by Connor Clifton.
11:10 of 1st period - Matt Beleskey is hit by Ryan Dmowski and loses puck.
11:37 of 1st period - Snap shot by Matt Lorito.
11:37 of 1st period - Stopped by Chris Nell with a rebound.
11:45 of 1st period - Minor Penalty to David Warsofsky for Interference.
11:46 of 1st period - Nick Paul wins face-off versus Chris Thorburn in Manitoba Moose zone.
11:47 of 1st period - Snap shot by Felix Girard.
11:47 of 1st period - Goal by Felix Girard - Manitoba Moose : 1 - Rimouski Oceanic : 1.
11:48 of 1st period - Felix Girard wins face-off versus Gerald Mayhew in neutral zone.
11:55 of 1st period - Wrist shot by Andrew Poturalski.
11:55 of 1st period - Stopped by Atte Tolvanen without a rebound.
11:56 of 1st period - Gerald Mayhew wins face-off versus Felix Girard in Manitoba Moose zone.
12:01 of 1st period - Snap shot by Gerald Mayhew.
12:01 of 1st period - Shot Blocked by Connor Clifton.
12:03 of 1st period - Slapshot by Victor Mete.
12:03 of 1st period - Stopped by Chris Nell without a rebound.
12:04 of 1st period - Nick Paul wins face-off versus Gerald Mayhew in Rimouski Oceanic zone.
12:09 of 1st period - Wrist shot by Nick Paul.
12:09 of 1st period - Shot Misses the Net.
12:11 of 1st period - Snap shot by Nick Paul.
12:11 of 1st period - Stopped by Atte Tolvanen without a rebound.
12:12 of 1st period - Gerald Mayhew wins face-off versus Nick Paul in Manitoba Moose zone.
12:19 of 1st period - Wrist shot by Denis Gurianov.
12:19 of 1st period - Shot Blocked by Ryan Dmowski.
12:25 of 1st period - Slapshot by Nick Paul.
12:25 of 1st period - Shot Misses the Net.
12:27 of 1st period - Slapshot by Taylor Fedun.
12:27 of 1st period - Deflect By Denis Gurianov.
12:27 of 1st period - Stopped by Atte Tolvanen without a rebound.
12:28 of 1st period - Andrew Poturalski wins face-off versus Sean Malone in Manitoba Moose zone.
12:44 of 1st period - Minor Penalty to Luke Gazdic for Roughing.
12:45 of 1st period - Tom Pyatt wins face-off versus Andrew Poturalski in Manitoba Moose zone.
13:00 of 1st period - Backhand shot by Riley Barber.
13:00 of 1st period - Shot Blocked by Victor Mete.
13:19 of 1st period - Nick Paul is hit by Matt Bartkowski and loses puck.
13:41 of 1st period - Icing by Riley Barber.
13:42 of 1st period - Tom Pyatt wins face-off versus Riley Barber in Rimouski Oceanic zone.
14:02 of 1st period - Slapshot by Matt Grzelcyk.
14:02 of 1st period - Deflect By Chris Thorburn.
14:02 of 1st period - Shot Misses the Net.
14:02 of 1st period - Puck is out of play.
14:03 of 1st period - Chris Thorburn wins face-off versus Nick Paul in Rimouski Oceanic zone.
14:10 of 1st period - Snap shot by Shane Gersich.
14:10 of 1st period - Stopped by Chris Nell without a rebound.
14:11 of 1st period - Nick Paul wins face-off versus Tom Pyatt in Rimouski Oceanic zone.
14:20 of 1st period - Snap shot by Nick Paul.
14:20 of 1st period - Shot Misses the Net.
14:22 of 1st period - Wrist shot by Nick Paul.
14:22 of 1st period - Shot Blocked by Matt Grzelcyk.
14:24 of 1st period - Wrist shot by Ryan Dmowski.
14:24 of 1st period - Goal by Ryan Dmowski - Manitoba Moose : 1 - Rimouski Oceanic : 2.
14:25 of 1st period - Andrew Poturalski wins face-off versus Gerald Mayhew in neutral zone.
14:33 of 1st period - Andrew Poturalski and Matt Hendricks fight to a draw.
14:33 of 1st period - Penalty to Andrew Poturalski for Fighting.
14:33 of 1st period - Penalty to Matt Hendricks for Fighting.
14:34 of 1st period - Gerald Mayhew wins face-off versus Nick Paul in Manitoba Moose zone.
14:59 of 1st period - Chris Thorburn is hit by Connor Carrick and loses puck.
15:09 of 1st period - Wrist shot by Deven Sideroff.
15:09 of 1st period - Stopped by Atte Tolvanen without a rebound.
15:10 of 1st period - Steven Fogarty wins face-off versus Matt Beleskey in Manitoba Moose zone.
15:37 of 1st period - Andreas Englund is hit by Brian Lashoff and loses puck.
15:44 of 1st period - Slapshot by Taylor Fedun.
15:44 of 1st period - Shot Misses the Net.
15:46 of 1st period - Slapshot by Dan Renouf.
15:46 of 1st period - Stopped by Atte Tolvanen with a rebound.
17:09 of 1st period - Wrist shot by Matt Lorito.
17:09 of 1st period - Deflect By Taylor Fedun.
17:09 of 1st period - Shot Blocked by Riley Barber.
17:09 of 1st period - Puck is out of play.
17:10 of 1st period - Jan Kovar wins face-off versus Ryan MacInnis in Rimouski Oceanic zone.
17:35 of 1st period - Snap shot by Gerald Mayhew.
17:35 of 1st period - Goal by Gerald Mayhew - Manitoba Moose : 2 - Rimouski Oceanic : 2.
17:36 of 1st period - Shane Gersich wins face-off versus Riley Barber in neutral zone.
18:00 of 1st period - Icing by Connor Clifton.
18:01 of 1st period - Felix Girard wins face-off versus Gerald Mayhew in Rimouski Oceanic zone.
18:26 of 1st period - Snap shot by Riley Barber.
18:26 of 1st period - Stopped by Atte Tolvanen with a rebound.
18:32 of 1st period - Wrist shot by Shane Gersich.
18:32 of 1st period - Shot Blocked by Deven Sideroff.
18:34 of 1st period - Wrist shot by Matt Beleskey.
18:34 of 1st period - Shot Misses the Net.
18:36 of 1st period - Wrist shot by Matt Beleskey.
18:36 of 1st period - Shot Blocked by Riley Barber.
18:46 of 1st period - Matt Lorito is hit by Taylor Fedun and loses puck.
18:51 of 1st period - Slapshot by Nick Paul.
18:51 of 1st period - Shot Misses the Net.
19:15 of 1st period - Snap shot by Denis Gurianov.
19:15 of 1st period - Stopped by Chris Nell with a rebound.
19:17 of 1st period - Snap shot by Urho Vaakanainen.
19:17 of 1st period - Shot Misses the Net.
19:19 of 1st period - Slapshot by Gerald Mayhew.
19:19 of 1st period - Stopped by Chris Nell without a rebound.
19:20 of 1st period - Reid Duke wins face-off versus Gerald Mayhew in Rimouski Oceanic zone.
19:23 of 1st period - Wrist shot by Denis Gurianov.
19:23 of 1st period - Stopped by Chris Nell without a rebound.
19:24 of 1st period - Felix Girard wins face-off versus Sean Malone in Rimouski Oceanic zone.
19:38 of 1st period - Snap shot by Ryan Dmowski.
19:38 of 1st period - Stopped by Atte Tolvanen with a rebound.
Goals for this period are 2 for Manitoba Moose vs 2 for Rimouski Oceanic.
Shots for this period are 11 for Manitoba Moose vs 13 for Rimouski Oceanic.

2nd period


0:01 of 2nd period - Nick Paul wins face-off versus Gerald Mayhew in neutral zone.
0:12 of 2nd period - Wrist shot by Ryan Dmowski.
0:12 of 2nd period - Shot Blocked by Victor Mete.
0:14 of 2nd period - Snap shot by Nick Paul.
0:14 of 2nd period - Shot Misses the Net.
0:16 of 2nd period - Snap shot by Nick Paul.
0:16 of 2nd period - Stopped by Atte Tolvanen without a rebound.
0:17 of 2nd period - Matt Beleskey wins face-off versus Andrew Poturalski in Manitoba Moose zone.
1:37 of 2nd period - Ryan MacInnis is hit by Pierre Engvall and loses puck.
1:52 of 2nd period - Slapshot by Matt Grzelcyk.
1:52 of 2nd period - Deflect By Matt Lorito.
1:52 of 2nd period - Stopped by Chris Nell without a rebound.
1:53 of 2nd period - Tom Pyatt wins face-off versus Felix Girard in Rimouski Oceanic zone.
2:12 of 2nd period - Snap shot by Matt Hendricks.
2:12 of 2nd period - Goal by Matt Hendricks - Manitoba Moose : 3 - Rimouski Oceanic : 2.
2:13 of 2nd period - Sean Malone wins face-off versus Nick Paul in neutral zone.
2:40 of 2nd period - Deven Sideroff is hit by David Warsofsky and loses puck.
2:45 of 2nd period - Wrist shot by Denis Gurianov.
2:45 of 2nd period - Shot Misses the Net.
2:47 of 2nd period - Wrist shot by Gerald Mayhew.
2:47 of 2nd period - Stopped by Chris Nell without a rebound.
2:48 of 2nd period - Shane Gersich wins face-off versus Ryan Dmowski in Rimouski Oceanic zone.
2:57 of 2nd period - Snap shot by Ryan Dmowski.
2:57 of 2nd period - Deflect By Andreas Borgman.
2:57 of 2nd period - Shot Blocked by Tom Pyatt.
2:57 of 2nd period - Puck is out of play.
2:58 of 2nd period - Nick Paul wins face-off versus Shane Gersich in Manitoba Moose zone.
3:17 of 2nd period - Snap shot by Tom Pyatt.
3:17 of 2nd period - Stopped by Chris Nell with a rebound.
3:19 of 2nd period - Snap shot by Matt Beleskey.
3:19 of 2nd period - Stopped by Chris Nell with a rebound.
3:28 of 2nd period - Tom Pyatt is hit by Dan Renouf and loses puck.
3:49 of 2nd period - Slapshot by Ryan Dmowski.
3:49 of 2nd period - Shot Blocked by Victor Mete.
3:51 of 2nd period - Snap shot by Ryan Dmowski.
3:51 of 2nd period - Goal by Ryan Dmowski - Manitoba Moose : 3 - Rimouski Oceanic : 3.
3:52 of 2nd period - Andrew Poturalski wins face-off versus Gerald Mayhew in neutral zone.
3:55 of 2nd period - Snap shot by Denis Gurianov.
3:55 of 2nd period - Stopped by Chris Nell with a rebound.
3:57 of 2nd period - Wrist shot by Matt Hendricks.
3:57 of 2nd period - Shot Blocked by Connor Carrick.
3:58 of 2nd period - Riley Barber and Matt Hendricks fight to a draw.
3:58 of 2nd period - Penalty to Riley Barber for Fighting.
3:58 of 2nd period - Penalty to Matt Hendricks for Fighting.
3:58 of 2nd period - Matt Hendricks is ejected from game.
3:59 of 2nd period - Andrew Poturalski wins face-off versus Gerald Mayhew in Rimouski Oceanic zone.
4:04 of 2nd period - Slapshot by Connor Clifton.
4:04 of 2nd period - Deflect By Denis Gurianov.
4:04 of 2nd period - Stopped by Atte Tolvanen with a rebound.
4:14 of 2nd period - Slapshot by Andrew Poturalski.
4:14 of 2nd period - Stopped by Atte Tolvanen without a rebound.
4:15 of 2nd period - Sean Malone wins face-off versus Felix Girard in Manitoba Moose zone.
4:15 of 2nd period - Sean Malone is hit by Connor Carrick.
4:25 of 2nd period - Wrist shot by Chris Thorburn.
4:25 of 2nd period - Goal by Chris Thorburn - Manitoba Moose : 4 - Rimouski Oceanic : 3.
4:26 of 2nd period - Andrew Poturalski wins face-off versus Gerald Mayhew in neutral zone.
5:17 of 2nd period - Off-side.
5:18 of 2nd period - Nick Paul wins face-off versus Sean Malone in neutral zone.
5:26 of 2nd period - Off-side.
5:27 of 2nd period - Gerald Mayhew wins face-off versus Nick Paul in neutral zone.
5:34 of 2nd period - Gerald Mayhew is hit by Connor Clifton.
6:24 of 2nd period - Slapshot by Shane Gersich.
6:24 of 2nd period - Shot Misses the Net.
6:52 of 2nd period - Snap shot by Deven Sideroff.
6:52 of 2nd period - Stopped by Atte Tolvanen with a rebound.
6:54 of 2nd period - Slapshot by Andreas Englund.
6:54 of 2nd period - Stopped by Atte Tolvanen with a rebound.
8:38 of 2nd period - Snap shot by Shane Gersich.
8:38 of 2nd period - Deflect By Mark Alt.
8:38 of 2nd period - Stopped by Chris Nell with a rebound.
10:26 of 2nd period - Connor Carrick is hit by Victor Mete and loses puck.
11:08 of 2nd period - Snap shot by Matt Beleskey.
11:08 of 2nd period - Shot Blocked by Kyle Capobianco.
11:24 of 2nd period - Andrew Poturalski is hit by Pierre Engvall and loses puck.
11:29 of 2nd period - Slapshot by Matt Lorito.
11:29 of 2nd period - Stopped by Chris Nell with a rebound.
13:18 of 2nd period - Snap shot by Sean Malone.
13:18 of 2nd period - Shot Blocked by Kyle Capobianco.
14:03 of 2nd period - Icing by Ryan MacInnis.
14:04 of 2nd period - Ryan MacInnis wins face-off versus Shane Gersich in Rimouski Oceanic zone.
14:47 of 2nd period - Icing by Andreas Englund.
14:48 of 2nd period - Ryan MacInnis wins face-off versus Jan Kovar in Rimouski Oceanic zone.
14:48 of 2nd period - Ryan MacInnis is hit by Pierre Engvall.
15:20 of 2nd period - Snap shot by Denis Gurianov.
15:20 of 2nd period - Stopped by Chris Nell with a rebound.
16:32 of 2nd period - Snap shot by Denis Gurianov.
16:32 of 2nd period - Shot Misses the Net.
17:00 of 2nd period - Andreas Englund is hit by Chris Thorburn and loses puck.
17:15 of 2nd period - Slapshot by Tom Pyatt.
17:15 of 2nd period - Stopped by Chris Nell without a rebound.
17:16 of 2nd period - Gerald Mayhew wins face-off versus Riley Barber in Rimouski Oceanic zone.
19:00 of 2nd period - Kyle Capobianco is hit by Pierre Engvall and loses puck.
19:07 of 2nd period - Wrist shot by Matt Lorito.
19:07 of 2nd period - Shot Misses the Net.
Goals for this period are 2 for Manitoba Moose vs 1 for Rimouski Oceanic.
Shots for this period are 11 for Manitoba Moose vs 6 for Rimouski Oceanic.

3rd period


0:01 of 3rd period - Andrew Poturalski wins face-off versus Gerald Mayhew in neutral zone.
0:04 of 3rd period - Denis Gurianov is hit by Riley Barber and loses puck.
0:09 of 3rd period - Wrist shot by Andrew Poturalski.
0:09 of 3rd period - Stopped by Atte Tolvanen with a rebound.
0:11 of 3rd period - Slapshot by Connor Carrick.
0:11 of 3rd period - Shot Blocked by Matt Grzelcyk.
0:13 of 3rd period - Wrist shot by Riley Barber.
0:13 of 3rd period - Shot Misses the Net.
0:15 of 3rd period - Snap shot by Connor Clifton.
0:15 of 3rd period - Shot Blocked by Victor Mete.
0:52 of 3rd period - Icing by Jan Kovar.
0:53 of 3rd period - Jan Kovar wins face-off versus Ryan MacInnis in Manitoba Moose zone.
1:22 of 3rd period - Snap shot by Andrew Poturalski.
1:22 of 3rd period - Stopped by Atte Tolvanen with a rebound.
1:42 of 3rd period - Snap shot by Gerald Mayhew.
1:42 of 3rd period - Deflect By Denis Gurianov.
1:42 of 3rd period - Stopped by Chris Nell with a rebound.
1:52 of 3rd period - Felix Girard is hit by Victor Mete and loses puck.
2:11 of 3rd period - Ryan Dmowski is hit by Matt Beleskey.
2:15 of 3rd period - Snap shot by Connor Carrick.
2:15 of 3rd period - Shot Blocked by Victor Mete.
2:17 of 3rd period - Slapshot by Felix Girard.
2:17 of 3rd period - Stopped by Atte Tolvanen with a rebound.
2:19 of 3rd period - Snap shot by Ryan Dmowski.
2:19 of 3rd period - Stopped by Atte Tolvanen with a rebound.
2:21 of 3rd period - Slapshot by Connor Carrick.
2:21 of 3rd period - Deflect By Matt Grzelcyk.
2:21 of 3rd period - Stopped by Atte Tolvanen with a rebound.
2:23 of 3rd period - Wrist shot by Nick Paul.
2:23 of 3rd period - Stopped by Atte Tolvanen with a rebound.
2:25 of 3rd period - Wrist shot by Ryan Dmowski.
2:25 of 3rd period - Stopped by Atte Tolvanen without a rebound.
2:26 of 3rd period - Andrew Poturalski wins face-off versus Gerald Mayhew in Manitoba Moose zone.
2:39 of 3rd period - Denis Gurianov is hit by Connor Carrick and loses puck.
2:48 of 3rd period - Minor Penalty to Connor Carrick for Holding.
2:49 of 3rd period - Andrew Poturalski wins face-off versus Gerald Mayhew in Rimouski Oceanic zone.
3:14 of 3rd period - Jan Kovar is hit by Andrew Poturalski and loses puck.
3:23 of 3rd period - Snap shot by Matt Lorito.
3:23 of 3rd period - Shot Misses the Net.
4:33 of 3rd period - Ryan MacInnis is hit by Andreas Borgman and loses puck.
4:38 of 3rd period - Wrist shot by Matt Beleskey.
4:38 of 3rd period - Deflect By Chris Thorburn.
4:38 of 3rd period - Shot Blocked by Ryan MacInnis.
4:38 of 3rd period - Puck is out of play.
4:39 of 3rd period - Shane Gersich wins face-off versus Andrew Poturalski in Rimouski Oceanic zone.
4:48 of 3rd period - Penalty to Connor Carrick is over, Connor Carrick is back on ice.
5:06 of 3rd period - Sean Malone is hit by Felix Girard and loses puck.
5:31 of 3rd period - Slapshot by Matt Grzelcyk.
5:31 of 3rd period - Stopped by Chris Nell without a rebound.
5:32 of 3rd period - Nick Paul wins face-off versus Gerald Mayhew in Rimouski Oceanic zone.
5:39 of 3rd period - Ryan Dmowski is hit by Gerald Mayhew and loses puck.
6:04 of 3rd period - Snap shot by Pierre Engvall.
6:04 of 3rd period - Shot Blocked by Riley Barber.
6:18 of 3rd period - Wrist shot by Tom Pyatt.
6:18 of 3rd period - Stopped by Chris Nell without a rebound.
6:19 of 3rd period - Shane Gersich wins face-off versus Ryan MacInnis in Rimouski Oceanic zone.
6:58 of 3rd period - Slapshot by Matt Grzelcyk.
6:58 of 3rd period - Stopped by Chris Nell with a rebound.
8:49 of 3rd period - Ryan MacInnis is hit by Shane Gersich and loses puck.
9:03 of 3rd period - Icing by Taylor Fedun.
9:04 of 3rd period - Steven Fogarty wins face-off versus Jan Kovar in Rimouski Oceanic zone.
9:31 of 3rd period - Slapshot by Matt Grzelcyk.
9:31 of 3rd period - Deflect By Gerald Mayhew.
9:31 of 3rd period - Stopped by Chris Nell with a rebound.
9:37 of 3rd period - Slapshot by Denis Gurianov.
9:37 of 3rd period - Stopped by Chris Nell with a rebound.
9:59 of 3rd period - Wrist shot by Luke Gazdic.
9:59 of 3rd period - Stopped by Chris Nell without a rebound.
10:00 of 3rd period - Gerald Mayhew wins face-off versus Andrew Poturalski in Rimouski Oceanic zone.
10:08 of 3rd period - Minor Penalty to Dan Renouf for High sticking.
10:09 of 3rd period - Jan Kovar wins face-off versus Andrew Poturalski in Rimouski Oceanic zone.
10:17 of 3rd period - Wrist shot by Matt Lorito.
10:17 of 3rd period - Stopped by Chris Nell without a rebound.
10:18 of 3rd period - Andrew Poturalski wins face-off versus Jan Kovar in Rimouski Oceanic zone.
10:31 of 3rd period - Snap shot by Matt Lorito.
10:31 of 3rd period - Stopped by Chris Nell with a rebound.
10:33 of 3rd period - Wrist shot by Pierre Engvall.
10:33 of 3rd period - Stopped by Chris Nell with a rebound.
11:01 of 3rd period - Snap shot by Denis Gurianov.
11:01 of 3rd period - Shot Misses the Net.
11:03 of 3rd period - Slapshot by Guillaume Brisebois.
11:03 of 3rd period - Stopped by Chris Nell without a rebound.
11:04 of 3rd period - Andrew Poturalski wins face-off versus Gerald Mayhew in Rimouski Oceanic zone.
11:15 of 3rd period - Wrist shot by Denis Gurianov.
11:15 of 3rd period - Goal by Denis Gurianov - Manitoba Moose : 5 - Rimouski Oceanic : 3.
11:16 of 3rd period - Deven Sideroff wins face-off versus Gerald Mayhew in neutral zone.
11:20 of 3rd period - Andrew Poturalski beats up Denis Gurianov.
11:20 of 3rd period - Penalty to Andrew Poturalski for Fighting.
11:20 of 3rd period - Penalty to Denis Gurianov for Fighting.
11:21 of 3rd period - Steven Fogarty wins face-off versus Tom Pyatt in neutral zone.
11:21 of 3rd period - Connor Carrick is hit by Tom Pyatt and loses puck.
11:26 of 3rd period - Steven Fogarty is hit by Matt Beleskey.
11:30 of 3rd period - Snap shot by Connor Carrick.
11:30 of 3rd period - Stopped by Atte Tolvanen with a rebound.
11:46 of 3rd period - Felix Girard is hit by Tom Pyatt and loses puck.
12:21 of 3rd period - Slapshot by Dan Renouf.
12:21 of 3rd period - Deflect By David Warsofsky.
12:21 of 3rd period - Stopped by Atte Tolvanen with a rebound.
12:23 of 3rd period - Snap shot by Ryan Dmowski.
12:23 of 3rd period - Shot Misses the Net.
12:33 of 3rd period - Chris Thorburn is hit by Dan Renouf and loses puck.
12:56 of 3rd period - Wrist shot by Tom Pyatt.
12:56 of 3rd period - Stopped by Chris Nell with a rebound.
13:22 of 3rd period - Slapshot by Matt Grzelcyk.
13:22 of 3rd period - Stopped by Chris Nell with a rebound.
13:24 of 3rd period - Snap shot by Matt Lorito.
13:24 of 3rd period - Stopped by Chris Nell without a rebound.
13:25 of 3rd period - Jan Kovar wins face-off versus Steven Fogarty in Rimouski Oceanic zone.
13:36 of 3rd period - Guillaume Brisebois is hit by Steven Fogarty and loses puck.
15:25 of 3rd period - Tom Pyatt is hit by Ryan Dmowski.
16:44 of 3rd period - David Warsofsky is hit by Riley Barber.
19:05 of 3rd period - Nick Paul is hit by Chris Thorburn and loses puck.
19:56 of 3rd period - Matt Bartkowski is hit by Connor Carrick and loses puck.
Goals for this period are 1 for Manitoba Moose vs 0 for Rimouski Oceanic.
Shots for this period are 15 for Manitoba Moose vs 9 for Rimouski Oceanic.